 Dungeon Crawl Stone Soup version 0.30-a0-553-g7fabdf1491 (webtiles) character file.

Game seed: 799161389183660142

5673 drugrobin the Martial Artist (level 10, -5/84 HPs)
             Began as a Demigod Delver on Dec 26, 2022.
             Slain by a wyvern (6 damage)
             ... on level 8 of the Dungeon.
             The game lasted 00:34:09 (11369 turns).

drugrobin the Martial Artist (Demigod Delver)      Turns: 11369, Time: 00:34:09

Health: -5/84      AC:  6    Str: 17    XL:     10   Next: 23%
Magic:  27/27      EV: 12    Int: 16    God:
Gold:   144        SH:  4    Dex: 23    Spells: 6/15 levels left

rFire   . . .      SeeInvis +      - Unarmed
rCold   . . .      Faith    .    H - +0 buckler
rNeg    . . .      Spirit   .    K - +1 leather armour of Koffugro {rCorr MP+9 Dex+4 Slay+2}
rPois   .          Reflect  .    (no helmet)
rElec   .          Harm     .    B - +0 cloak
rCorr   +          Rampage  .    (no gloves)
Will    +....                    g - +0 pair of boots
Stlth   +++                      (no amulet)
HPRegen 0.34/turn                j - ring of flight
MPRegen 0.20/turn                R - ring of see invisible

@: flying
A: high MP 1, forlorn, divine attributes
a: no special abilities


You were on level 8 of the Dungeon.
You visited 1 branch of the dungeon, and saw 8 of its levels.
You also visited: Sewer.

You collected 586 gold pieces.
You spent 442 gold pieces at shops.

Inventory:

Hand Weapons
 b - a +0 spectral hand axe
 c - a +1 short sword of venom
Missiles
 l - 2 javelins (quivered)
 Q - 6 poisoned darts
Armour
 g - a +0 pair of boots (worn)
 B - a +0 cloak (worn)
 F - a +2 robe of cold resistance
 G - a +2 leather armour of poison resistance
 H - a +0 buckler (worn)
 K - the +1 leather armour of Koffugro (worn) {rCorr MP+9 Dex+4 Slay+2}
   (You found it on level 6 of the Dungeon)

   Dex:       It affects your dexterity (+4).
   Slay:      It affects your accuracy & damage with ranged weapons and melee
   (+2).
   MP:        It affects your magic capacity (+9).
   rCorr:     It protects you from acid and corrosion.
Magical Staves
 y - a staff of earth
 C - a staff of poison
Jewellery
 j - a ring of flight (left hand)
 N - a ring of resist corrosion
 O - a ring of ice
 R - a ring of see invisible (right hand)
Wands
 a - a wand of flame (5)
 f - a wand of digging (7)
Scrolls
 d - 5 scrolls of fear
 i - a scroll of vulnerability {unknown}
 k - 7 scrolls of teleportation
 m - a scroll of magic mapping
 o - 3 scrolls of fog
 p - 4 scrolls of amnesia
 s - a scroll of immolation {unknown}
 v - 2 scrolls of blinking {unknown}
 A - a scroll of enchant weapon {unknown}
 D - a scroll of silence {unknown}
 E - a scroll of brand weapon {unknown}
 I - a scroll of summoning {unknown}
 M - a scroll of enchant armour {unknown}
Potions
 e - 7 potions of haste
 h - 2 potions of lignification
 n - a potion of ambrosia {unknown}
 q - 3 potions of mutation
 r - 3 potions of curing
 t - a potion of flight {unknown}
 u - 2 potions of magic {unknown}
 w - 4 potions of cancellation
 x - a potion of brilliance {unknown}
 z - a potion of resistance
 J - a potion of heal wounds {unknown}
 L - a potion of berserk rage
 P - 3 potions of attraction


   Skills:
 + Level 6.3 Fighting
 - Level 1.7 Dodging
 - Level 4.5 Stealth
 * Level 11.5 Unarmed Combat
 + Level 3.4 Spellcasting
 * Level 5.3 Transmutations


You had 6 spell levels left.
You knew the following spells:

 Your Spells              Type           Power      Damage    Failure   Level
a - Alistair's Intoxicat  Tmut/Pois      7%         N/A       95%         5
b - Ice Form              Ice/Tmut       11%        N/A       69%         4

Your spell library contained the following spells:

 Spells                   Type           Power      Damage    Failure   Level
 Apportation              Tloc           4%         N/A       30%         1
 Summon Small Mammal      Summ           8%         N/A       30%         1
 Call Canine Familiar     Summ           2%         N/A       65%         3
 Hailstorm                Conj/Ice       2%         3d3       65%         3
 Summon Guardian Golem    Hex/Summ       2%         N/A       65%         3
 Tukima's Dance           Hex            2%         N/A       65%         3
 Yara's Violent Unravell  Hex/Tmut       5%         3d4       95%         5
 Passage of Golubria      Tloc           2%         N/A       96%         4
 Simulacrum               Ice/Necr       1%         N/A       100%        6
 Borgnjor's Revivificati  Necr           1%         N/A       100%        8
 Necromutation            Tmut/Necr      5%         N/A       100%        8
 Death's Door             Necr           1%         N/A       100%        9


Dungeon Overview and Level Annotations

Branches:
Dungeon (8/15)             Temple (0/1) D:4           Sewer (visited)
   Lair: D:8-11

Shops:
D:2 [   D:7 *

Annotations:
D:5 exclusions: hound and iguana


Innate Abilities, Weirdness & Mutations

You have an increased reservoir of magic. (+10% MP)
You shall have no god before yourself.
Your divine heritage dramatically boosts your attributes as you level up.


Message History

The wyvern hisses menacingly.
The wyvern bites you!
You see here a water moccasin corpse.
You closely miss the wyvern.
The wyvern is lightly wounded.
The wyvern barely misses you.
You hit the wyvern.
The wyvern is moderately wounded.
The wyvern bites you.
You hit the wyvern but do no damage.
The wyvern is moderately wounded.
The wyvern bites you.
* * * LOW HITPOINT WARNING * * *
The wyvern bites you.
* * * LOW HITPOINT WARNING * * *
You hit the wyvern.
The wyvern is heavily wounded.
The wyvern bites you!
* * * LOW HITPOINT WARNING * * *
Unknown command.
You punch the wyvern!
The wyvern is almost dead.
The wyvern bites you!
* * * LOW HITPOINT WARNING * * *
Unknown command.
Unknown command.
Unknown command.
Unknown command.
Unknown command.
Unknown command.
Unknown command.
Okay, then.
Unknown command.
Unknown command.
Unknown command.
Unknown command.
You hit the wyvern but do no damage.
The wyvern is almost dead.
The wyvern bites you.
You die...

##.##.#######..........#
#.##.# #<.........#
##.##.# ##...8.....#
.#.##.# ######.........#
......# ...............#
#..#..##...............#
#............#.#.##.#..#
#..#.##...#....l.......#
#.....+...'....#@##....#
#....##...#(.###.##.####
#.....#...#..#
#.##.#######
#...#.#...#..#
#.##.).))..#
≈...#..####..#
#.##.#######
~.......)....###.##.#
~...................#
~...###...#..####.#.#
.............# #.#.#


You could see a wyvern.

Vanquished Creatures
  Grinder (D:3)
  Sigmund (D:3)
  An unseen horror simulacrum (D:8)
  7 yaks (D:7)
  3 steam dragons
  Edmund (D:5)
  An acid dragon (D:7)
  3 water moccasins
  Duvessa (D:5)
  A black bear (D:6)
  An orc warrior (D:8)
  4 ice beasts (D:8)
  An ogre (D:6)
  2 wolves
  2 phantoms (D:5)
  5 bullfrogs
  2 gnoll sergeants (D:6)
  2 scorpions (D:5)
  3 necrophages
  Dowan (D:5)
  5 killer bees
  2 howler monkeys
  5 orc priests
  2 gnoll boudas
  6 hounds
  Ijyb (D:5)
  Terence (D:2)
  3 iguanas
  Natasha (thrice) (D:2)
  20 gnolls
  18 adders
  5 river rats
  3 white imps
  A howler monkey simulacrum (D:8)
  2 ufetubi
  2 worms (D:3)
  6 dart slugs
  38 orcs
  5 endoplasms
  2 giant cockroaches
  5 goblins
  8 hobgoblins
  7 jackals
  7 kobolds
  4 quokkas
  10 ball pythons
  9 bats
  10 frilled lizards
  25 rats
  A spectral orc (D:5)
259 creatures vanquished.

Notes
Turn   | Place    | Note
-------+----------+-------------------------------------------
     0 | D:5      | drugrobin the Demigod Delver began the quest for the Orb.
     0 | D:5      | Reached XP level 1. HP: 18/18 MP: 3/3
   115 | D:5      | Noticed a hound
   135 | D:5      | Noticed a phantom
   167 | D:4      | Noticed a hound
   260 | D:4      | Reached skill level 2 in Unarmed Combat
   429 | D:4      | Reached XP level 2. HP: 25/25 MP: 4/4
   566 | D:4      | Found a staircase to the Ecumenical Temple.
   655 | D:5      | Reached skill level 3 in Unarmed Combat
   680 | D:5      | Killed a phantom
   681 | D:5      | Reached skill level 4 in Unarmed Combat
   681 | D:5      | Reached XP level 3. HP: 28/30 MP: 5/5
   681 | D:5      | Reached XP level 4. HP: 35/37 MP: 6/6
   715 | D:5      | Reached skill level 5 in Unarmed Combat
   734 | D:5      | Noticed a phantom
   749 | D:5      | Killed a phantom
   750 | D:5      | Reached XP level 5. HP: 36/42 MP: 7/7
   785 | D:5      | Noticed Edmund
  1510 | D:3      | Reached skill level 6 in Unarmed Combat
  1512 | D:3      | Found a glowing drain.
  1676 | D:3      | Noticed Grinder
  1749 | Sewer    | Entered a sewer
  1797 | Sewer    | Reached XP level 6. HP: 47/50 MP: 8/8
  2232 | Sewer    | Reached skill level 7 in Unarmed Combat
  2407 | D:3      | Killed Grinder
  2408 | D:3      | Reached XP level 7. HP: 23/56 MP: 9/9
  2654 | D:2      | Reached skill level 8 in Unarmed Combat
  2765 | D:2      | Found Ussuysoy's Armour Shoppe.
  2773 | D:2      | Noticed Natasha
  3762 | D:2      | Killed Natasha
  3968 | D:2      | Noticed Terence
  3984 | D:2      | Killed Terence
  4158 | D:2      | Noticed Natasha
  4170 | D:2      | Killed Natasha
  4229 | D:3      | Noticed Sigmund
  4258 | D:2      | Noticed Natasha
  4262 | D:2      | Killed Natasha
  4543 | D:3      | Killed Sigmund
  4837 | D:5      | Killed Edmund
  4838 | D:5      | Reached XP level 8. HP: 46/64 MP: 9/11
  5130 | D:5      | Reached skill level 9 in Unarmed Combat
  5134 | D:5      | Noticed Ijyb
  5135 | D:5      | Reached skill level 1 in Spellcasting
  5151 | D:5      | Noticed Dowan
  5152 | D:5      | Noticed Duvessa
  5450 | D:5      | Killed Ijyb
  5555 | D:5      | Killed Duvessa
  5913 | D:6      | Learned a level 5 spell: Alistair's Intoxication
  6165 | D:5      | Killed Dowan
  7170 | D:6      | Reached skill level 10 in Unarmed Combat
  7378 | D:6      | Identified the +1 leather armour of Koffugro {rCorr MP+9
                  | Dex+4 Slay+2}
  7482 | D:6      | Reached skill level 5 in Fighting
  7509 | D:6      | Learned a level 4 spell: Ice Form
  7721 | D:6      | Reached skill level 1 in Transmutations
  7721 | D:6      | Reached XP level 9. HP: 74/74 MP: 14/14
  8821 | D:7      | Found Fotuxy's Assorted Antiques.
  8828 | D:7      | Bought a scroll labelled DAB DO ULE JATTEQ for 34 gold
                  | pieces
  8828 | D:7      | Bought a scroll labelled MALLUQ BETO for 34 gold pieces
  8828 | D:7      | Bought a golden ring for 170 gold pieces
  8828 | D:7      | Bought a copper ring for 170 gold pieces
  8828 | D:7      | Bought a scroll labelled MALLUQ BETO for 34 gold pieces
  9645 | D:7      | Reached skill level 11 in Unarmed Combat
 10305 | D:8      | Noticed a manticore
 10505 | D:7      | Reached XP level 10. HP: 60/83 MP: 18/18
 10914 | D:8      | Reached skill level 5 in Transmutations
 11368 | D:8      | HP: 1/84 [wyvern (12)]
 11369 | D:8      | Slain by a wyvern

Illustrated notes

Levels and vault maps discovered:
D:1:      minmay_arrival_five_plusses, layout_basic, kennysheep_crisscross,
          minmay_crystal_room, skrybe_limestone_x, minmay_tromino_v7
D:2:      minmay_chambers_of_ones, layout_basic, serial_shops, shop,
          uniq_natasha, uniq_terence
D:3:      layout_loops_ring, cheibrodos_sewer_entry_sluice, uniq_grinder,
          uniq_sigmund
D:4:      layout_basic, hellmonk_okawaru_the_only_friend_you_need,
          makhleb_blood_cavern_becter, minmay_temple_entry_statues_fountains
D:5:      layout_basic, nicolae_hepliaklqana_monster_ancestors, minmay_bent,
          uniq_duvessa, uniq_ijyb, uniq_edmund
D:6:      layout_cave_pods, mainiacjoe_overflow_small_starburst,
          mainiacjoe_overflow_concentric_impassable, serial_gnoll_camp,
          gnoll_camp_mini_loothouse, gnoll_camp_mini_house,
          gnoll_camp_mini_doghouse, gnoll_camp_mini_sergeant,
          grunt_decor_arrowhead, st_stairs_2, corexii_shack
D:7:      layout_rooms, general_overflow_altar, old_standard_altar,
          serial_shops, nicolae_shop_hallway_plus
D:8:      layout_basic, serial_ice, serial_ice_k, serial_ice_h, serial_ice_d,
          serial_ice_e, serial_ice_m, serial_ice_o, minmay_alternating_orb,
          uniq_grum

Skill      XL: |  1  2  3  4  5  6  7  8  9 10 |
---------------+-------------------------------+-----
Unarmed Combat | 2 4 5 6 7 8 10 11 | 11.5
Fighting       | 3 5 6 |  6.3
Spellcasting   | 1 3 |  3.4
Transmutations | 1 4 5 |  5.3
Dodging        | |  1.7
Stealth        | |  4.5

Action                   |  1- 3 |  4- 6 |  7- 9 | 10-12 || total
-------------------------+-------+-------+-------+-------++-------
Melee: Hand axe          |    11 |    20 |       |       ||    31
       Unarmed           |     3 |   126 |   592 |    88 ||   809
       Whip              |       |    17 |    16 |       ||    33
       Punch             |       |     4 |    15 |       ||    19
       Staff             |       |       |     4 |       ||     4
       Short sword       |       |       |    11 |    12 ||    23
Throw: Javelin           |    10 |     4 |    23 |     2 ||    39
  Use: Scroll            |       |       |     7 |       ||     7
 Stab: Sleeping          |     2 |     3 |    14 |       ||    19
       Distracted        |       |       |     2 |       ||     2
Armor: Leather armour    |     1 |    40 |   131 |    19 ||   191
       Robe              |       |       |    18 |       ||    18
Dodge: Dodged            |     5 |    91 |   308 |    52 ||   456
Block: Buckler           |       |       |    41 |    27 ||    68

Table legend: (Time is in decaauts)
 A = Elapsed time spent in this place.
 B = Non-inter-level travel time spent in this place.
 C = Inter-level travel time spent in this place.
 D = Time resting spent in this place.
 E = Time spent auto-exploring this place.
 F = Levels seen in this place.
 G = Mean time per level.
                   A        B        C        D        E       F      G
               +--------+--------+--------+--------+--------+-----+--------+
         Total |  11287 |  10501 |    786 |   2472 |   4845 |   9 | 1254.1 |
       Dungeon |  10646 |   9860 |    786 |   2279 |   4703 |   8 | 1330.8 |
         Sewer |    640 |    640 |      0 |    193 |    142 |   1 |  640.0 |
               +--------+--------+--------+--------+--------+-----+--------+

Top non-repeatable levels by time:
     D:7: 2193 daAuts
     D:6: 1938 daAuts
     D:4: 1514 daAuts
     D:5: 1408 daAuts
     D:8: 976 daAuts
     D:3: 903 daAuts
     D:1: 882 daAuts
     D:2: 829 daAuts
   Sewer: 640 daAuts
